Map: Lightshade LE

Players

Strange

  • Race: Protoss Protoss

Bly - Winner!

  • Race: Zerg Zerg

Event: DreamHack SC2 Masters 2021 Fall

VOD

Have the link to the VOD?

Description

Time

  • Played on: July 28, 2021, 1:41 p.m.
  • Length: 14:58

All games in this series

Show
View Real Time Build Order
Export as new Build Order

Strange Protoss 

Build Orders: 1 Gate Expand, Mass Adepts 

Get SALT Encoding   

  12  0:00  Probe  
  13  0:12  Probe  
  14  0:20  Pylon  
  14  0:24  Probe  
  15  0:38  Probe (Chrono Boost), Gateway  
  16  0:46  Probe (Chrono Boost)  
  16  0:47  Assimilator  
  17  0:52  Probe  
  18  1:04  Probe  
  19  1:16  Probe  
  20  1:23  Nexus  
  20  1:32  Cybernetics Core  
  20  1:35  Probe  
  21  1:42  Assimilator  
  21  1:47  Probe  
  21  1:50  Pylon  
  22  1:59  Probe  
  23  2:06  Stalker (Chrono Boost)  
  23  2:08  Warp Gate  
  23  2:12  Probe (Chrono Boost)  
  27  2:24  Probe (Chrono Boost)  
  27  2:29  Adept  
  29  2:30  Probe (Chrono Boost)  
  29  2:33  Twilight Council  
  29  2:35  Probe (Chrono Boost)  
  33  2:44  Probe (Chrono Boost)  
  33  2:45  Probe (Chrono Boost)  
  33  2:50  Probe (Chrono Boost)  
  33  2:51  Probe  
  34  3:00  Gateway  
  34  3:02  Gateway  
  34  3:04  Probe  
  35  3:06  Probe  
  35  3:07  Resonating Glaives (Chrono Boost)  
  36  3:17  Probe, Shield Battery  
  37  3:21  Adept  
  37  3:24  Probe  
  40  3:29  Probe  
  40  3:34  Pylon  
  41  3:36  Probe  
  42  3:41  Robotics Facility, Probe  
  43  3:49  Probe  
  43  3:53  Probe  
  45  3:56  Pylon  
  45  3:57  Stalker  
  45  4:02  Adept x2  
  51  4:06  Probe  
  51  4:08  Assimilator  
  51  4:09  Assimilator  
  52  4:12  Pylon  
  52  4:13  Probe  
  51  4:25  Adept  
  51  4:26  Adept x2  
  51  4:28  Probe x2  
  51  4:30  Pylon  
  57  4:34  Observer  
  57  4:37  Forge  
  58  4:40  Probe  
  59  4:47  Adept x3  
  65  4:55  Immortal (Chrono Boost)  
  69  5:04  Protoss Ground Weapons Level 1 (Chrono Boost)  
  69  5:16  Pylon  
  69  5:24  Immortal (Chrono Boost)  
  69  5:25  Sentry x3  
  75  5:31  Pylon  
  75  5:36  Pylon  
  75  5:41  Nexus  
  75  5:54  Immortal (Chrono Boost)  
  75  5:55  Shield Battery  
  79  5:57  Sentry x2  
  79  5:58  Sentry  
  79  6:00  Probe  
  79  6:01  Probe  
  87  6:07  Gateway  
  87  6:13  Probe x2  
  89  6:20  Pylon  
  89  6:25  Probe x2  
  91  6:28  Robotics Bay  
  91  6:32  Warp Prism  
  93  6:37  Probe x2  
  95  6:49  Probe x2  
  97  6:57  Probe  
  97  7:01  Probe, Protoss Ground Weapons Level 2 (Chrono Boost)  
  97  7:09  Probe  
  97  7:11  Probe  
  97  7:13  Probe  
  100  7:16  Colossus (Chrono Boost)  
  100  7:19  Adept x2  
  110  7:23  Probe x2  
  110  7:25  Assimilator  
  110  7:26  Assimilator, Pylon  
  112  7:30  Photon Cannon  
  112  7:31  Photon Cannon  
  112  7:36  Gateway x2  
  112  7:38  Gateway  
  112  7:49  Blink (Chrono Boost)  
  112  7:50  Gateway  
  112  7:51  Extended Thermal Lance  
  112  7:53  Stalker  
  112  7:54  Stalker, Shield Battery  
  116  8:02  Pylon  
  116  8:04  Shield Battery  
  116  8:06  Stalker x2  
  116  8:11  Colossus (Chrono Boost)  
  126  8:27  Stalker x2  
  126  8:28  Probe x2  
  131  8:36  Stalker x2  
  131  8:37  Stalker x3  
  140  8:49  Pylon, Forge  
  140  9:08  Stalker x4  
  136  9:18  Probe x3, Protoss Ground Weapons Level 3 (Chrono Boost)  
  136  9:19  Stalker  
  136  9:20  Stalker x2  
  139  9:30  Probe x2  
  139  9:32  Stalker x2  
  139  9:33  Protoss Shields Level 1 (Chrono Boost)  
  143  9:39  Probe  
  143  9:42  Probe x2  
  146  9:48  Pylon  
  146  9:50  Pylon  
  146  9:51  Pylon  
  146  9:57  Photon Cannon  
  146  10:01  Shield Battery  
  127  10:15  Probe x2  
  127  10:21  Stalker x5  
  137  10:28  Probe x2  
  137  10:29  Probe  
  138  10:40  Probe  
  138  10:41  Probe x2  
  141  10:50  Dark Shrine  
  141  10:58  Stalker x5  
  141  11:01  Pylon  
  151  11:04  Stalker  
  152  11:16  Shield Battery  
  152  11:19  Probe x2, Photon Cannon  
  152  11:20  Protoss Shields Level 2 (Chrono Boost)  
  152  11:21  Photon Cannon  
  154  11:42  Probe x2  
  154  11:43  Probe  
  147  11:54  Probe  
  147  11:55  Probe x2  
  147  11:56  Protoss Ground Armor Level 1 (Chrono Boost)  
  147  12:00  Pylon  
  150  12:04  Dark Templar x2  
  150  12:06  Probe  
  150  12:07  Probe x2  
  157  12:13  Pylon  
  157  12:15  Pylon  
  157  12:19  Probe  
  158  12:25  Dark Templar x3  
  158  12:26  Colossus x2  
  158  12:27  Pylon  
  164  12:32  Archon  
  164  12:33  Dark Templar x2  
  164  12:34  Dark Templar  
  169  12:40  Archon x2  
  167  12:48  Dark Templar x2  
  168  12:54  Archon  
  162  13:02  Dark Templar x2  
  166  13:06  Archon  
  166  13:07  Dark Templar x4  
  166  13:11  Archon  
  166  13:12  Archon  
  152  13:38  Zealot  
  152  13:39  Stalker x6, Zealot  
  90  14:03  Stalker, Dark Templar x5  
  90  14:04  Sentry  
  90  14:09  Stalker  
  59  14:38  Stalker x2  
  59  14:39  Stalker x5  
  71  14:47  Stalker  
Show
View Real Time Build Order
Export as new Build Order

Bly Zerg - Winner!

Build Orders: Hatch First, Muta Ling Bane 

Get SALT Encoding   

  12  0:00  Drone  
  13  0:12  Overlord  
  13  0:17  Drone  
  14  0:30  Drone x2  
  16  0:47  Hatchery  
  15  0:51  Drone  
  15  0:55  Drone  
  17  0:58  Drone  
  18  1:09  Extractor  
  17  1:14  Spawning Pool  
  17  1:16  Drone  
  17  1:20  Drone  
  18  1:28  Drone  
  20  1:40  Drone  
  20  1:49  Overlord  
  20  2:00  Queen x2  
  24  2:01  Zergling x4  
  26  2:11  Drone x2  
  26  2:12  Metabolic Boost  
  28  2:21  Drone x2  
  30  2:38  Hatchery  
  29  2:47  Drone  
  29  2:48  Drone, Overlord  
  31  2:51  Queen  
  31  2:54  Drone x2  
  35  3:06  Overlord x2  
  35  3:10  Drone  
  36  3:15  Drone x4  
  40  3:24  Overlord  
  40  3:33  Drone x2  
  42  3:40  Drone  
  42  3:41  Drone  
  44  3:43  Drone x6  
  44  3:45  Roach Warren  
  49  3:52  Overlord  
  48  3:56  Zergling x4  
  48  4:01  Queen  
  48  4:02  Queen  
  54  4:03  Zergling x2  
  54  4:04  Zergling x2  
  54  4:08  Zergling x2  
  57  4:13  Evolution Chamber  
  54  4:26  Drone x8  
  54  4:30  Spore Crawler x2  
  54  4:31  Spore Crawler  
  59  4:35  Lair  
  59  4:40  Drone x2  
  61  4:47  Roach x3  
  61  4:48  Roach x2  
  71  4:57  Roach  
  71  4:58  Overlord x2  
  73  5:03  Overlord, Extractor  
  73  5:04  Extractor  
  73  5:05  Overlord  
  70  5:22  Drone x2  
  70  5:24  Roach x3  
  70  5:25  Drone x6  
  82  5:30  Drone  
  82  5:31  Drone x2  
  82  5:32  Drone x3  
  88  5:42  Overlord  
  86  5:53  Extractor  
  86  5:54  Glial Reconstitution  
  86  5:55  Extractor  
  85  5:57  Drone x2  
  85  5:58  Drone x4  
  85  5:59  Drone x4  
  85  6:00  Drone  
  85  6:01  Extractor  
  94  6:11  Roach x6  
  106  6:14  Hatchery  
  105  6:18  Overlord  
  105  6:22  Evolution Chamber  
  104  6:29  Zergling x4  
  104  6:30  Overlord x2  
  106  6:33  Overlord  
  106  6:35  Overlord x2  
  106  6:36  Overseer  
  106  6:38  Ravager x2  
  106  6:39  Ravager  
  108  6:40  Zergling x10  
  108  6:44  Zergling x2  
  113  6:48  Zergling x6  
  116  6:55  Zergling x10  
  120  7:03  Drone x3  
  120  7:04  Spire  
  119  7:16  Overlord x2  
  119  7:21  Zergling x2  
  119  7:22  Zergling x8  
  122  7:27  Zerg Melee Weapons Level 1  
  121  7:32  Drone  
  121  7:33  Drone x9  
  131  7:38  Baneling Nest  
  128  8:01  Spore Crawler  
  128  8:03  Extractor x2  
  128  8:04  Drone x3  
  128  8:14  Hatchery  
  128  8:17  Mutalisk x13  
  153  8:25  Centrifical Hooks  
  147  8:41  Zergling x10  
  147  8:42  Zergling x18  
  147  8:48  Ravager x4  
  165  8:53  Zergling x8  
  165  8:54  Zergling x12, Overlord  
  165  8:55  Overlord  
  175  8:58  Baneling x11  
  175  9:15  Zergling x16  
  179  9:25  Zerg Flyer Weapons Level 1  
  179  9:26  Zerg Melee Weapons Level 2  
  176  9:33  Zergling x26  
  176  9:34  Baneling x9  
  176  9:35  Baneling x6  
  189  10:03  Overlord  
  189  10:07  Hatchery  
  182  10:14  Mutalisk x8  
  182  10:16  Overlord x2  
  198  10:22  Infestation Pit  
  198  10:27  Baneling x12  
  198  10:28  Baneling x5  
  197  10:42  Baneling x12  
  191  11:00  Hive  
  180  11:26  Baneling x17  
  180  11:27  Swarm Host  
  180  11:28  Zergling x32  
  195  11:33  Zergling x2  
  195  11:34  Zergling x6  
  196  11:50  Zerg Missile Weapons Level 1  
  184  11:55  Baneling x21  
  184  11:56  Baneling x8  
  184  12:15  Viper x2  
  188  12:26  Zergling x14  
  188  12:27  Zergling x8  
  199  12:36  Spore Crawler  
  198  12:42  Pneumatized Carapace, Overseer x2  
  158  12:58  Drone  
  158  12:59  Drone x2, Spore Crawler  
  158  13:00  Drone  
  158  13:01  Drone x4, Spine Crawler x2  
  158  13:05  Ultralisk Cavern  
  162  13:11  Zergling x32  
  178  13:14  Greater Spire  
  178  13:18  Roach x9  
  178  13:19  Ravager x4  
  168  13:35  Zergling x22  
  143  13:46  Roach  
  143  13:47  Roach x3  
  140  13:48  Zergling x2  
  134  14:00  Baneling x12  
  134  14:13  Zergling x16  
  139  14:23  Overseer x2  

Tags
 
Add a new tag
Caveats
  • Supply blocks, unpowered buildings, or Contaminate may cause inaccurate times.
  • Supply counts are checked every 10 seconds.